Map: Jagannatha LE

Players

Apothenes - Winner!

  • Race: Terran Terran
  • League: Master
  • Spawn Location: 1:00

MarcoMan

  • Race: Protoss Protoss
  • League: Master
  • Spawn Location: 7:00

VOD

Have the link to the VOD?

Description

Time

  • Played on: Jan. 15, 2021, 11:36 p.m.
  • Length: 2:16
Show
View Real Time Build Order
Export as new Build Order

Apothenes Terran - Winner!

Build Orders:  

Get SALT Encoding   

  12  0:00  SCV  
  13  0:13  Supply Depot  
  13  0:18  SCV  
  14  0:30  SCV  
  15  0:36  Barracks  
  15  0:43  SCV  
  16  0:55  Barracks  
  16  0:57  SCV  
  17  1:09  Supply Depot  
  17  1:15  SCV  
  18  1:24  Marine  
  19  1:43  Marine  
  19  1:44  Bunker  
Show
View Real Time Build Order
Export as new Build Order

MarcoMan Protoss 

Build Orders:  

Get SALT Encoding   

  12  0:01  Probe  
  13  0:13  Probe  
  14  0:18  Pylon  
  14  0:26  Probe  
  15  0:38  Probe  
  15  0:39  Forge  
  16  1:02  Pylon  
  16  1:04  Pylon  
  16  1:22  Assimilator  
  16  1:24  Photon Cannon  
  16  1:25  Pylon  
  16  1:29  Gateway  
  15  1:42  Probe  
  15  1:45  Photon Cannon  
  16  1:57  Probe  
  17  2:07  Photon Cannon  
Tags
 
Matchup
PvT
Replay Pack
Weekend
Spawn Locations
Cross Positions
Add a new tag
Caveats
  • Supply blocks, unpowered buildings, or Contaminate may cause inaccurate times.
  • Supply counts are checked every 10 seconds.